 Dungeon Sprint DCSS version 0.31-a0-986-g5e6e4ef867 (webtiles) character file.

Game seed: 10979458432859450395

6099 sircluck the Grappler (level 10, -11/171 HPs)
             Began as a Troll Berserker on Nov 17, 2023.
             Was an Elder of Trog.
             Mangled by Agnes
             ... wielding a +3 lajatang of speed
              (37 damage)
             ... in the Dungeon (Sprint IV: "Fedhas' Mad Dash").
             The game lasted 00:04:41 (1570 turns).

sircluck the Grappler (Troll Berserker)             Turns: 1570, Time: 00:04:42

Health: -11/171    AC:  5    Str: 31    XL:     10   Next: 58%
Magic:  9/9        EV: 13    Int:  3    God:    Trog [****..]
Gold:   233        SH:  0    Dex:  9    Spells: 9/9 levels left

rFire   . .          .
                       - Unarmed
rCold   . . .        (no shield)
rNeg    + . .        a - +1 animal skin
rPois   .            (helmet restricted)
rElec   .            (no cloak)
rCorr   .            (gloves unavailable)
SInv    .            (boots unavailable)
Will    .....        i - amulet of invisibility {+Inv} Stlth
                     k - ring of positive energy
HPRegen 1.28/turn    (no ring)
MPRegen 0.11/turn

%: no teleportation
@: berserking, very quick
A: large, unfitting armour, claws 3, regeneration 1, shaggy fur 1, tough skin 1
a: Renounce Religion, Evoke Invisibility, Berserk, Trog's Hand, Brothers in Arms


You were in the Dungeon.
You worshipped Trog.
Trog was greatly pleased with you.
You visited 1 branch You collected 233 gold pieces.

Inventory:

Missiles
 h - 13 stones
 j - 4 darts of dispersal
 p - 3 boomerangs (quivered)
Armour
 a - a +1 animal skin (worn)
Jewellery
 c - an amulet of magic regeneration
 i - the amulet of invisibility (around neck) {+Inv}
   (You found it in the Dungeon)

   [amulet of nothing]

   +Inv:      It lets you turn invisible.
 k - a ring of positive energy (left claw)
 n - a ring of positive energy
Scrolls
 l - a scroll of fear {unknown}
 m - a scroll of torment {unknown}
 q - a scroll of identify {unknown}
Potions
 b - a potion of curing
 d - a potion of haste
 e - 2 potions of magic
 f - a potion of berserk rage
 o - a potion of mutation {unknown}


   Skills:
 + Level 11.6 Fighting
 + Level 9.8 Armour
 + Level 11.5 Dodging
 + Level 13.6 Unarmed Combat


You had 9 spell levels left.
You didn't know any spells.
Your spell library was empty.

Dungeon Overview and Level Annotations

Branches:
Dungeon (1/1)

Altars:
Cheibriados
Dithmenos
Elyvilon
Gozag
Hepliaklqana
Kikubaaqudgha
Makhleb
Nemelex Xobeh
Okawaru
Qazlal
Ru
Sif Muna
Trog
Uskayaw
Vehumet
Wu Jian
Xom
Yredelemnul
Zin
The Shining One
Jiyva
Lugonu

Shops:
D (*:=[=

Annotations:
D Agnes


Innate Abilities, Weirdness & Mutations

You are too large for most types of armour.
You have claws for hands.
Your natural rate of healing is unusually fast.
You are covered in fur. (AC +1)
You have tough skin. (AC +1)


Message History

Agnes the Wanderer comes into view.
She is wielding a +3 lajatang of speed.
Agnes shouts!
Unknown command.
Unknown command.
You fail to use your ability.
Your deep troll goes berserk!
Trog will no longer gift you weapons.
You swap places.
Agnes hits your deep troll with a +3 lajatang of speed! x2
Agnes hits your deep troll with a +3 lajatang of speed!!
Your deep troll misses Agnes. x2
Your deep troll completely misses Agnes.
Agnes asks, "Have you seen my kris anywhere?"
Agnes hits your deep troll with a +3 lajatang of speed! x2
Your deep troll dies!
Your deep troll's corpse disappears in a puff of smoke!
Agnes hits you with a +3 lajatang of speed!
Agnes hits you with a +3 lajatang of speed.
A red film seems to cover your vision as you go berserk!
You feel yourself moving faster!
You feel mighty! Agnes misses you.
Agnes hits you with a +3 lajatang of speed!! x2
You mangle Agnes!! Your claw misses Agnes.
Agnes is moderately wounded.
Agnes barely misses you.
Agnes hits you with a +3 lajatang of speed!!
You closely miss Agnes.
Agnes is moderately wounded.
Agnes hits you with a +3 lajatang of speed!!!
* * * LOW HITPOINT WARNING * * *
You miss Agnes.
Agnes is moderately wounded.
Agnes hits you with a +3 lajatang of speed!
* * * LOW HITPOINT WARNING * * *
You mangle Agnes!!
Agnes is severely wounded.
Agnes hits you with a +3 lajatang of speed.
* * * LOW HITPOINT WARNING * * *
Agnes hits you with a +3 lajatang of speed!!!
You die...
Agnes says, "May you follow the Path of Peace in your next life."

#################################
#.⌠._._._._.⌠.#..'†..#....##∩##)#
'.._._._._._..'.)#)..#....'.:##'#
#..._._._._...#..###'##...##∩#..#
#.._._._._._..#..##∩∩.'...#####..
#._._._._._.⌠.#################..
###################.....:###.....
#♣♣♣♣♣..♣.###.'.@'.......'.))..♣.
.....†♣).♣##:.#.i#.......########
♣..♣♣♣.♣.)###.##'##......#
.♣♣..♣...♣'...#♣.♣########
###############... ♣.. .... ♣...
#####


You could see Agnes.

Vanquished Creatures
  A spriggan druid (D)
  5 oklob plants (D)
  2 moths of wrath (D)
  3 burning bushes (D)
  A queen bee (D)
  A hornet (D)
  3 scorpions (D)
  4 killer bees (D)
  4 oklob saplings (D)
  5 spriggans (D)
  2 wandering mushrooms (D)
  A river rat (D)
  A rat (D)
  A ballistomycete spore (D)
34 creatures vanquished.

Vanquished Creatures (collateral kills)
  A demonic crawler (D)
  An oklob plant (D)
  A wandering mushroom (D)
  An oklob sapling (D)
4 creatures vanquished.

Grand Total: 38 creatures vanquished

Notes
Turn   | Place    | Note
-------+----------+-------------------------------------------
     0 | D        | sircluck the Troll Berserker began the quest for the Orb.
     0 | D        | Reached XP level 1. HP: 22/22 MP: 0/0
     9 | D        | Reached XP level 2. HP: 31/31 MP: 1/1
    15 | D        | Noticed an oklob sapling
    43 | D        | Killed an oklob sapling
    43 | D        | Reached ** piety under Trog
    44 | D        | Reached skill level 4 in Unarmed Combat
    44 | D        | Reached XP level 3. HP: 33/39 MP: 2/2
    51 | D        | Noticed a scorpion
    51 | D        | Found the amulet of invisibility {+Inv}
    55 | D        | Killed a scorpion
    56 | D        | Reached skill level 5 in Unarmed Combat
    56 | D        | Reached XP level 4. HP: 44/49 MP: 3/3
    88 | D        | Reached skill level 5 in Fighting
    88 | D        | Reached skill level 5 in Dodging
    88 | D        | Reached skill level 6 in Unarmed Combat
   100 | D        | Found an opulent altar of Gozag.
   100 | D        | Found a hazy altar of Hepliaklqana.
   100 | D        | Found a burning altar of Makhleb.
   100 | D        | Found a sparkling altar of Nemelex Xobeh.
   100 | D        | Found a snail-covered altar of Cheibriados.
   100 | D        | Found a sacrificial altar of Ru.
   100 | D        | Found a shimmering blue altar of Sif Muna.
   100 | D        | Found a shimmering altar of Xom.
   100 | D        | Found a basalt altar of Yredelemnul.
   104 | D        | Found a viscous altar of Jiyva.
   104 | D        | Found a bloodstained altar of Trog.
   104 | D        | Found an ornate altar of the Wu Jian Council.
   105 | D        | Found an iron altar of Okawaru.
   105 | D        | Found a glowing silver altar of Zin.
   105 | D        | Found a shadowy altar of Dithmenos.
   106 | D        | Found an ancient bone altar of Kikubaaqudgha.
   106 | D        | Found a hide-covered altar of Uskayaw.
   107 | D        | Found a stormy altar of Qazlal.
   107 | D        | Found a glowing golden altar of the Shining One.
   107 | D        | Found a white marble altar of Elyvilon.
   108 | D        | Found a corrupted altar of Lugonu.
   108 | D        | Found a radiant altar of Vehumet.
   118 | D        | Reached XP level 5. HP: 26/59 MP: 4/4
   181 | D        | Reached *** piety under Trog
   182 | D        | Reached skill level 7 in Unarmed Combat
   197 | D        | Reached skill level 1 in Armour
   198 | D        | Reached XP level 6. HP: 68/68 MP: 5/5
   200 | D        | Reached **** piety under Trog
   244 | D        | Found Maemmomn's General Store.
   244 | D        | Found Tiocom's Weapon Emporium.
   253 | D        | Noticed a burning bush
   253 | D        | Noticed a wandering mushroom
   254 | D        | Noticed a wandering mushroom
   266 | D        | Reached skill level 8 in Unarmed Combat
   344 | D        | Killed a burning bush
   345 | D        | Reached skill level 9 in Unarmed Combat
   345 | D        | Reached XP level 7. HP: 79/79 MP: 6/6
   349 | D        | Found Catull's Jewellery Emporium.
   349 | D        | Found Qott's Book Shoppe.
   399 | D        | Noticed a queen bee
   406 | D        | Reached ***** piety under Trog
   455 | D        | Reached skill level 5 in Armour
   458 | D        | Killed a queen bee
   459 | D        | Reached skill level 10 in Unarmed Combat
   459 | D        | Reached XP level 8. HP: 65/89 MP: 7/7
   495 | D        | Noticed an oklob plant
   508 | D        | Killed an oklob plant
   578 | D        | Noticed a burning bush
   589 | D        | Killed a burning bush
   594 | D        | Identified the +4 dagger of Ash {speed, Int+2}
   601 | D        | Noticed a burning bush
   601 | D        | Noticed an oklob plant
   606 | D        | Killed an oklob plant
   607 | D        | Reached skill level 11 in Unarmed Combat
   607 | D        | Reached XP level 9. HP: 67/100 MP: 8/8
   607 | D        | Noticed a wandering mushroom
   610 | D        | Killed a wandering mushroom
   611 | D        | Killed a burning bush
   659 | D        | Noticed a spriggan druid
   666 | D        | Killed a spriggan druid
   667 | D        | Reached skill level 10 in Fighting
   667 | D        | Reached skill level 10 in Dodging
   667 | D        | Reached skill level 12 in Unarmed Combat
   686 | D        | Noticed a moth of wrath
   695 | D        | Killed a moth of wrath
   766 | D        | Noticed a moth of wrath
   772 | D        | Killed a moth of wrath
   772 | D        | Received a gift from Trog
   777 | D        | Noticed an oklob plant conjurer
   814 | D        | Killed an oklob plant conjurer
   814 | D        | Reached ****** piety under Trog
   815 | D        | Reached XP level 10. HP: 67/111 MP: 9/9
   868 | D        | Noticed an oklob plant
   868 | D        | Noticed an oklob plant summoner
  1098 | D        | Noticed an oklob plant shifter
  1105 | D        | Killed an oklob plant
  1112 | D        | Killed an oklob plant shifter
  1113 | D        | Reached skill level 13 in Unarmed Combat
  1115 | D        | Killed an oklob plant summoner
  1123 | D        | Noticed a demonic crawler
  1134 | D        | Killed a demonic crawler
  1329 | D        | Noticed a spriggan rider
  1340 | D        | Found Deythour's Armour Emporium.
  1521 | D        | Found Yruofil's Jewellery Shoppe.
  1560 | D        | Noticed Agnes
  1570 | D        | Mangled by Agnes

Illustrated notes

Levels and vault maps discovered:
D:        dungeon_sprint_fedhas [sprint_temple]

Skill      XL: |  1  2  3  4  5  6  7  8  9 10 |
---------------+-------------------------------+-----
Fighting       | 3 4 5 6 7 8 9 10 11 | 11.6
Dodging        | 3 4 5 6 7 8 9 10 11 | 11.5
Unarmed Combat | 4 5 6 7 9 10 11 12 13 | 13.6
Armour         | 1 4 5 7 8 9 |  9.8

Action                     |  1- 3 |  4- 6 |  7- 9 | 10-12 || total
---------------------------+-------+-------+-------+-------++-------
  Melee: Unarmed           |    13 |    37 |    61 |    48 ||   159
         Punch             |     1 |       |     2 |     2 ||     5
 Invoke: Berserk           |       |     1 |     1 |     2 ||     4
         Brothers in Arms  |       |       |     1 |     5 ||     6
Ability: Evoke Invisibilit |       |     1 |       |     1 ||     2
    Use: Scroll            |       |     1 |       |     2 ||     3
         Potion            |       |       |       |     1 ||     1
   Stab: Sleeping          |       |     1 |       |       ||     1
         Invisible         |       |       |       |     1 ||     1
 Armour: Animal skin       |     7 |    21 |    33 |    64 ||   125
  Dodge: Dodged            |     1 |    19 |    16 |    55 ||    91

Table legend: (Time is in decaauts)
 A = Elapsed time spent in this place.
 B = Non-inter-level travel time spent in this place.
 C = Inter-level travel time spent in this place.
 D = Time resting spent in this place.
 E = Time spent auto-exploring this place.
 F = Levels seen in this place.
 G = Mean time per level.
                   A        B        C        D        E       F      G
               +--------+--------+--------+--------+--------+-----+--------+
         Total |   1576 |   1570 |      6 |    921 |    161 |   1 | 1576.0 |
       Dungeon |   1576 |   1570 |      6 |    921 |    161 |   1 | 1576.0 |
               +--------+--------+--------+--------+--------+-----+--------+

Top non-repeatable levels by time:
       D: 1576 daAuts
